Cogmind - Beta 10.1 @@@ ROGUE MODE // 2020.10.28 @ 13:29:24 Player: Atherys Result: Destroyed by G-34 Mercenary with Small Laser Performance ------------- Evolutions (1) 500 Regions Visited (2) 400 Robots Destroyed (20) 100 Value Destroyed (430) 430 Prototype IDs (0) 0 Alien Tech Used (0) 0 Bonus (0) 0 TOTAL SCORE: 1430 Bonus ------- None Cogmind --------- Core Integrity 0/400 Matter 55/300 Energy 100/100 System Corruption 0% Temperature Cool (15) Movement Core (550) Ox10 Location -9/Materials Parts ------- > --- POWER (2) -------- (None) > --- PROPULSION (3) --- (None) > --- UTILITY (2) ------ High-capacity Storage Unit > --- WEAPON (2) ------- (None) > --- INVENTORY (12) --- Large Storage Unit Mining Laser Peak State ------------ > --- POWER ------------ Light Nuclear Core > --- PROPULSION ------- Aluminum Leg Aluminum Leg > --- UTILITY ---------- High-capacity Storage Unit Target Analyzer > --- WEAPON ----------- Heavy Assault Rifle Heavy Assault Rifle > --- INVENTORY -------- Mining Laser [Rating: 13] Favorites ----------- Power Light Nuclear Core Engine Ion Engine Power Core Light Nuclear Core Propulsion Wheel Leg Aluminum Leg Wheel Wheel Utility Small Storage Unit Storage Small Storage Unit Processor Target Analyzer Weapon Heavy Assault Rifle Energy Gun Medium Laser Ballistic Gun Heavy Assault Rifle Build | -11 -10 -9 ------- Run | Scr Mat Mat Slots Evolved 2 | . . 2 Power 1 | . . 1 Propulsion 1 | . . 1 Utility . | . . . Weapon . | . . . Parts Attached 19 | 6 9 4 Power 3 | 1 1 1 Engine 1 | 1 . . Core 2 | . 1 1 Reactor . | . . . Propulsion 6 | 2 4 . Treads . | . . . Leg 2 | . 2 . Wheel 4 | 2 2 . Hover . | . . . Flight . | . . . Utility 3 | 1 1 1 Device . | . . . Storage 2 | 1 1 . Processor 1 | . . 1 Hackware . | . . . Protection . | . . . Artifact . | . . . Weapon 7 | 2 3 2 Energy Gun 2 | 1 1 . Energy Cannon . | . . . Ballistic Gun 5 | 1 2 2 Ballistic Cannon . | . . . Launcher . | . . . Special Weapon . | . . . Impact Weapon . | . . . Slashing Weapon . | . . . Piercing Weapon . | . . . Special Melee Weapon . | . . . Unidentified Prototypes . | . . . Parts Lost 7 | . 3 4 Power 1 | . 1 . Propulsion 4 | . 2 2 Utility 1 | . . 1 Weapon 1 | . . 1 Highest Loss Streak 3 | . 2 3 Average Slot Usage (%) 78 | . 88 61 Engine 1 | . 2 . Core 9 | . 11 5 Leg 7 | . 1 16 Wheel 14 | . 23 . Storage 17 | . 20 11 Processor 3 | . . 10 Energy Gun 4 | . 6 . Ballistic Gun 20 | . 21 17 Naked Turns . | . . . Heaviest Build 47 | 13 47 43 Greatest Support 20 | 20 20 20 Greatest Overweight (x) 15 | . 15 11 Average Overweight (x) 1 | . . 2 Largest Inventory Capacity 14 | 6 14 14 Average Capacity 10 | 5 9 12 Most Carried 2 | 1 1 2 Average Carried 1 | . 1 1 Final Capacity 14 | 6 14 12 Final Carried 2 | 1 1 2 Class Distribution -------------------- 100% | Mutant Dominant Class ---------------- Mutant | -10/Materials Mutant | -9/Materials Resources | -11 -10 -9 ----------- Run | Scr Mat Mat Matter Collected 540 | 122 318 100 Remotely . | . . . Salvage Created 504 | 22 382 100 Parts 48 | 2 34 12 Haulers Intercepted . | . . . Recyclers Shooed 2 | . 2 . Parts Field Recycled . | . . . Retrieved Matter . | . . . Parts Self-Destructed . | . . . Prevented . | . . . Kills | -11 -10 -9 ------- Run | Scr Mat Mat Combat Hostiles Destroyed 14 | . 12 2 Guns 14 | . 12 2 Classes Destroyed 6 | 1 5 . Worker 1 | . 1 . Tunneler 1 | 1 . . Operator 1 | . 1 . Watcher 3 | . 2 1 Swarmer 6 | . 6 . Grunt 8 | . 6 2 Best Kill Streak 5 | 1 5 3 Combat Bots Only 5 | . 5 1 Max Kills in Single Turn 2 | 1 2 1 Gunslinging 1 | . 1 . Exploded . | . . . Melee . | . . . Uniques/NPCs Destroyed . | . . . Combat | -11 -10 -9 -------- Run | Scr Mat Mat Damage Taken 1645 | . 679 966 Core 545 | . 134 411 Absorbed by Shields . | . . . Core Remaining (%) 73 | 100 46 . Volleys Fired 90 | 8 64 18 Largest 2 | 2 2 2 Hottest 70 | 70 70 46 Shots Fired 180 | 16 128 36 Gun 180 | 16 128 36 Cannon . | . . . Launcher . | . . . Special . | . . . Kinetic 140 | 8 96 36 Thermal 40 | 8 32 . Explosive . | . . . Electromagnetic . | . . . Robot Hit Streak 9 | 4 4 9 Robot Miss Streak 5 | 3 5 3 Penetration Max . | . . . Secondary Targets 2 | . 2 . Max Gunslinging Chain 1 | . 1 . Shots Hit Robots 80 | 10 47 23 Core Hits 30 | 2 21 7 Critical Hits 2 | . . 2 Critical Kills . | . . . Critical Parts Destroyed 2 | . . 2 Melee Attacks . | . . . Impact . | . . . Slashing . | . . . Piercing . | . . . Sneak Attacks . | . . . Combat Hostiles . | . . . Follow-up Attacks . | . . . Damage Inflicted 1121 | 103 677 341 Guns 1101 | 103 657 341 Cannons . | . . . Explosions . | . . . Melee . | . . . Ramming 20 | . 20 . Kinetic 938 | 41 556 341 Thermal 163 | 62 101 . Explosive . | . . . Electromagnetic . | . . . Impact . | . . . Slashing . | . . . Piercing . | . . . Highest Corruption 2 | . 2 . Average Corruption 2 | . 2 . Corruption Purged . | . . . Effects 4 | . 4 . Message Errors 2 | . 2 . Heat Flow Errors 1 | . 1 . Targeting Errors 1 | . 1 . Overload Shots . | . . . Overflow Damage . | . . . Projectiles . | . . . Explosions . | . . . Melee . | . . . Knockbacks . | . . . Impact . | . . . Kinetic . | . . . Secondary . | . . . Self-Inflicted Damage 9 | . 9 . Shots . | . . . Rammed 2 | . 2 . Targets Rammed 2 | . 2 . Kicked . | . . . Crushed . | . . . Highest Temperature 249 | 36 249 20 Average Temperature 50 | 13 62 7 Received Heat Transfer 588 | . 237 351 Siege Activations . | . . . Robots Corrupted . | . . . Combat Hostiles . | . . . Parts Fried . | . . . Impact Corruptions . | . . . Robots Melted . | . . . Combat Hostiles . | . . . Parts Melted . | . . . Heat Transferred 481 | 185 296 . Parts Sabotaged . | . . . Parts Stolen . | . . . Parts Stripped . | . . . Power Chain Reactions . | . . . Missiles Intercepted . | . . . Alert | -11 -10 -9 ------- Run | Scr Mat Mat Peak Influence 264 | 5 264 152 Initial 65 | . 3 65 Average 110 | 3 113 126 Maximum Alert Level 1 | . 1 . Low Security (%) 95 | 100 92 100 Level 1 4 | . 7 . Level 2 . | . . . Level 3 . | . . . Level 4 . | . . . Level 5 . | . . . High Security . | . . . Max Security . | . . . Squads Dispatched 2 | . 2 . Investigation 1 | . 1 . Extermination . | . . . Reinforcement 1 | . 1 . Assault . | . . . Garrison . | . . . Intercept . | . . . Construction Impeded . | . . . Haulers Reinforced . | . . . Stealth | -11 -10 -9 --------- Run | Scr Mat Mat Distress Signals 3 | . 2 1 Communications Jammed . | . . . Distress Signals . | . . . Times Spotted 34 | . 25 9 Peak Tracking Total 5 | . 5 4 Tactical Retreats 2 | . 2 . Traps | -11 -10 -9 ------- Run | Scr Mat Mat Traps Triggered 2 | . 2 . Indirectly . | . . . Trap Hack Attempts . | . . . Triggered . | . . . Disarmed . | . . . Reprogrammed 1 | . 1 . Reused . | . . . Traps Extracted . | . . . Installed . | . . . Triggered . | . . . Machines | -11 -10 -9 ---------- Run | Scr Mat Mat Machines Disabled . | . . . Max in Single Turn . | . . . Machines Sabotaged . | . . . Garrisons Compromised . | . . . Overloaded Fab Kills . | . . . Fab Network Shutdowns . | . . . Hacking | -11 -10 -9 --------- Run | Scr Mat Mat Machines Accessed 6 | . 6 . Terminals 5 | . 5 . Fabricators . | . . . Repair Stations . | . . . Recycling Units 1 | . 1 . Scanalyzers . | . . . Garrison Access . | . . . Total Hacks 20 | . 20 . Successful 14 | . 14 . Failed 6 | . 6 . Catastrophic . | . . . Database Lockouts . | . . . Manual 15 | . 15 . Terminals 19 | . 19 . Fabricators . | . . . Repair Stations . | . . . Recycling Units 1 | . 1 . Scanalyzers . | . . . Garrison Access . | . . . Terminal Hacks 2 | . 2 . Emergency Access Points 1 | . 1 . Reprogram Traps 1 | . 1 . Fabricator Hacks . | . . . Repair Station Hacks . | . . . Recycling Unit Hacks 1 | . 1 . Retrieve Components 1 | . 1 . Scanalyzer . | . . . Garrison Access Hacks . | . . . Unauthorized Hacks 11 | . 11 . Terminals 11 | . 11 . Track 1 | . 1 . Assimilate 4 | . 4 . Botnet 5 | . 5 . Operators 1 | . 1 . Fabricators . | . . . Repair Stations . | . . . Recycling Units . | . . . Scanalyzers . | . . . Garrison Access . | . . . Data Cores Recovered 1 | . 1 . Used 1 | . 1 . Hacking Detections 4 | . 4 . Full Trace Events 1 | . 1 . Feedback Events . | . . . Feedback Blocked . | . . . Robot Schematics Acquired . | . . . Robots Built . | . . . Matter . | . . . Time . | . . . Total Robot Build Rating . | . . . Part Schematics Acquired . | . . . Parts Built . | . . . Matter . | . . . Time . | . . . Total Part Build Rating . | . . . Parts Repaired . | . . . Time . | . . . Parts Recycled . | . . . Recycled Matter . | . . . Retrieved Matter . | . . . Retrieved Components 4 | . 4 . Parts Scanalyzed . | . . . Part Schematics Acquired . | . . . Parts Damaged . | . . . Bothacking | -11 -10 -9 ------------ Run | Scr Mat Mat Used RIF Installer . | . . . Robots Hacked . | . . . Non-combat . | . . . Combat . | . . . Robot Hacks Applied . | . . . Relay Couplers Released . | . . . Robots Rewired . | . . . Allies Hacked . | . . . Hacks Repelled . | . . . Allies | -11 -10 -9 -------- Run | Scr Mat Mat Total Allies . | . . . Largest Group . | . . . Highest-Rated Group . | . . . Highest-Rated Ally . | . . . Total Orders . | . . . Ally Attacks . | . . . Total Damage . | . . . Kills . | . . . Allies Corrupted . | . . . Allies Melted . | . . . Intel | -11 -10 -9 ------- Run | Scr Mat Mat Robot Analysis Total . | . . . Derelict Logs Recovered . | . . . Drone Launches . | . . . Drone Recoveries . | . . . Exploration | -11 -10 -9 ------------- Run | Scr Mat Mat Turns Passed 932 | 62 558 312 Spaces Moved 493 | 37 334 122 Core 17 | 3 3 11 Treads . | . . . Legs 131 | . 20 111 Wheels 345 | 34 311 . Hover . | . . . Flight . | . . . Fastest Speed 50 | 50 80 150 Average Speed 123 | 77 97 207 Slowest Speed 800 | 80 800 600 Overloaded Moves . | . . . Propulsion Burnouts . | . . . Robots Hopped . | . . . Cave-ins Triggered . | . . . Exploration Rate (%) 27 | 3 69 9 Regions Visited 2 Branch Regions . Pre-discovered Areas . | . . . Known Exits Taken . | . . . Unknown Exits Taken 2 | 1 1 . Scrap Searched . | . . . Spaces Dug . | . . . Terrain Destroyed . | . . . Melee . | . . . Projectile . | . . . AOE . | . . . Terrain Rammed . | . . . Walls Destroyed . | . . . Machines Disabled . | . . . Actions | -11 -10 -9 --------- Run | Scr Mat Mat Total 637 | 51 437 149 Wait 23 | . 23 . Move 491 | 36 333 122 Hop . | . . . Pick Up 3 | 1 . 2 Fast Attach 18 | 6 9 3 Attach 1 | . . 1 Detach . | . . . Swap . | . . . Drop 9 | . 6 3 Fire 90 | 8 64 18 Melee . | . . . Ram 2 | . 2 . Kick . | . . . Crush . | . . . Escape Stasis . | . . . Rewire . | . . . Trap . | . . . Miscellaneous . | . . . Route ------- -11/Scrapyard -10/Materials (discovered 4 exits: [*Mat x3] / [*Min]) -9/Materials History --------- Turn | Location | Event 34 | -11/Scrapyard | Discovered new exit (range 13) 63 | -11/Scrapyard | Entered Materials 200 | -10/Materials | Discovered new exit (range 8) 234 | -10/Materials | Discovered new exit (range 13) 309 | -10/Materials | Build established: Mutant 507 | -10/Materials | Discovered new exit (range 16) 588 | -10/Materials | Discovered new exit (range 5) 616 | -10/Materials | Core integrity fell below 50% 621 | -10/Materials | Entered another Materials area 621 | -9/Materials | Evolved 2 slots: Power x1, Propulsion x1 903 | -9/Materials | Lost 3 parts (2n1w) 912 | -9/Materials | Core integrity fell below 50% 927 | -9/Materials | Core integrity fell below 20% 933 | -9/Materials | Destroyed by G-34 Mercenary with Small Laser Last Messages --------------- 00851_ Lgt. Nuclear Core severed. 00852_ K-01 Serf collects debris. 00855_ L-31 Rogue suffers critical hit. 00855_ Destroyed Imp. Ion Engine. 00857_ K-01 Serf collects debris. 00857_ L-31 Rogue suffers critical hit. 00857_ Destroyed Imp. Aluminum Leg. 00860_ K-01 Serf collects debris. 00863_ M-13 Machinist fits Backup Power I on L-31 Rogue. 00864_ K-01 Serf collects debris. 00864_ M-13 Machinist fits Backup Propulsion I on L-31 Rogue. 00866_ Autogun destroyed. 00872_ Aluminum Leg destroyed. 00881_ Autogun severed. 00888_ L-31 Rogue destroyed. 00896_ K-01 Serf collects debris. 00923_ G-34 Mercenary destroyed. 00923_ Acquired 40 matter. 00924_ K-01 Serf collects debris. 00931_ Target Analyzer destroyed. Map ----- +----------------------------------------------------+ | ?????????????????????????????????????????????????? | | ?????????????????????????????????????????????????? | | ?????????????????????????????????????????????????? | | ?????????????????????????????????????????????????? | | ?????????????????????????????????????????????????? | | ?????????????????????????????????????????????????? | | ?????????????????????????????????????????????????? | | ?????????????????????????????????????????????????? | | ?????????????????????????????????????????????????? | | ?????????????????????????????????????????????????? | | ?????????????????????????????????????##########??? | | ?????????????????????????????????##### #??? | | ?????????????????????????????????# # #??? | | ?????????????????????????????##### # #??? | | ?????????????????????????????#!! # #??? | | ?????????????????########????#!! + #??? | | ?????????????????# #????#! ! # #??? | | ?????????????????# [[! #????#!! # #??? | | ?????????????????# ! #????#!! # #??? | | ?????????????????#[ !! #????#!! # #??? | | ?????????????????# [ #????##### ############# | | ?????????????????# [ #????????# # ] | | ?????????##############+########## + | | ???????? = !! g # " """"" | | ???????? =*!= g[ g # """"""""" | | ???????? = @ =!*%= # """ """ | | ??????????#############+######## ############### | | ????????????????????? ?????#! #?????????????? | | ????????????????????# #???#[ #?????????????? | | ????????????????????# """ #???#% #?????????????? | | ????????????????????# "R #???# #?????????????? | | ????????????????????# """ #???# #?????????????? | | ????????????????????# #???# #?????????????? | | ????????????????????########???# #?????????????? | | ???????????????????????????????# #?????????????? | | ???????????????????????????????# *#?????????????? | | ???????????????????????????????# #?????????????? | | ???????????????????????????????# #?????????????? | | ???????????????????????????????# #?????????????? | | ?????????????????????????????? ?????????????? | | ????????????????????????????? ?????????????? | | ???????????????????????????? %?????????????? | | ??????????????????????????? ########?????????????? | | ?????????????????????????? ??????????????????????? | | ????????????????????????# ???????????????????????? | | ????????????????????????#????????????????????????? | | ?????????????????????????????????????????????????? | | ?????????????????????????????????????????????????? | | ?????????????????????????????????????????????????? | | ?????????????????????????????????????????????????? | +----------------------------------------------------+ Best States ------------- Heat Dissipation 28 Energy Generation 14 Energy Capacity 250 Matter Stores 172 Matter Capacity 300 Sight Range 16 Terrain Scan Density 10 Evasion (%) 44 Target Analysis 5 Item Schematics ----------------- None Robot Schematics ------------------ None Fabricated ------------ Nothing Alien Tech Used ----------------- None Achievements -------------- None Challenges ------------ None Game ------ Seed TachyonZioniteComputer Manual? 0 Play Time 00:11:35 Cumulative 20.7 hours Start 2020.10.28 @ 13:19:09 End 2020.10.28 @ 13:29:24 Sessions 1 Manual Loads 0 Difficulty Rogue Special Mode None Game No. 37 Rogue 37 Adventurer 0 Explorer 0 Win Type - Total 0 Types 0/0/0/0/0/0/0/0/0 Lore% 20 Gallery% 25 Achievement% 23 Wizard Run 0 Options --------- ASCII 0 Keyboard 0 Movement Mouse Keybinds 0 Fullscreen 2 Font 24/Smallcaps Map View 76x50 Tactical HUD 1 Map Filters NONE Filters NONE Steam X RUN: 92da87c2-e1e1-4dc4-9233-b8291c61af62